 Dungeon Crawl Stone Soup version 0.22-a0-305-gd21a89c538 (webtiles) character file.

1458 Oravi the Quickloader (level 9, 0/48 HPs)
             Began as a Kobold Hunter on Mar 31, 2018.
             Was an Initiate of Dithmenos.
             Killed by divine providence
             ... invoked by an orc priest
              (11 damage)
             ... on level 7 of the Dungeon.
             The game lasted 00:28:48 (7543 turns).

Oravi the Quickloader (Kobold Hunter)               Turns: 7543, Time: 00:28:49

Health: 0/48       AC: 10    Str: 10    XL:     9   Next: 5%
Magic:  9/9        EV: 20    Int: 13    God:    Dithmenos [......]
Gold:   323        SH:  0    Dex: 17    Spells: 8/8 levels left

rFire    . . .     SeeInvis .   b - +0 short sword
rCold    . . .     Gourm    .   (shield restricted)
rNeg     . . .     Faith    .   c - +0 leather armour
rPois    .         Spirit   .   s - +0 helmet
rElec    .         Reflect  .   d - +2 cloak
rCorr    .         Harm     .   p - +2 pair of gloves
MR       .....                  (no boots)
Stlth    +++.......             m - amulet of the acrobat
HPRegen  0.16/turn              (no ring)
MPRegen  0.11/turn              t - ring of stealth

@: no status effects
A: small, carnivore
a: Renounce Religion


You were on level 7 of the Dungeon.
You worshipped Dithmenos.
Dithmenos was noncommittal.
You were full.

You visited 2 branches of the dungeon, and saw 8 of its levels.

You collected 473 gold pieces.
You spent 150 gold pieces at shops.

Inventory:

Hand Weapons
 a - a +1 hand crossbow
 b - a +0 short sword (weapon)
Missiles
 w - 97 bolts
Armour
 c - a +0 leather armour (worn)
 d - a +2 cloak (worn)
 p - a +2 pair of gloves (worn)
 s - a +0 helmet (worn)
Jewellery
 j - an uncursed ring of wizardry
 m - an amulet of the acrobat (around neck)
 t - a ring of stealth (right hand)
 y - a +5 ring of intelligence
Wands
 l - a wand of iceblast (12)
 u - a wand of random effects (16)
 B - a wand of acid (12)
 C - a wand of clouds (8)
 E - a wand of disintegration (11)
Scrolls
 h - a scroll of magic mapping
 i - 2 scrolls of random uselessness
 k - 4 scrolls of teleportation
 n - a scroll of identify
 o - a scroll of blinking
 v - a scroll of fog
 x - 3 scrolls of remove curse
 A - a scroll of noise {unknown}
 F - a scroll of summoning {unknown}
Potions
 g - a potion of degeneration
 r - a potion of magic
Comestibles
 f - 17 rations


   Skills:
 - Level 2.1 Fighting
 + Level 7.9 Short Blades
 + Level 8.3 Crossbows
 * Level 8.1 Dodging
 - Level 1.3 Stealth


You had 8 spell levels left.
You didn't know any spells.

Dungeon Overview and Level Annotations

Branches:
Dungeon (7/15)             Temple (1/1) D:5

Altars:
Ashenzari
Dithmenos
Fedhas
Gozag
Hepliaklqana
Kikubaaqudgha
Makhleb
Nemelex Xobeh
Okawaru
Ru
Sif Muna
Trog
Uskayaw
Vehumet
Yredelemnul

Shops:
D:4 [

Annotations:
D:4 Edmund


Innate Abilities, Weirdness & Mutations

You are small and have problems with some larger weapons.
You are carnivorous and can eat meat at any time.


Message History

The orc priest hits you but does no damage.
You swing at nothing.
The orc priest hits you with a whip.
* * * LOW HITPOINT WARNING * * *
You swing at nothing.
The orc priest barely misses you.
You swing at nothing.
You swing at nothing.
You feel less wooden.
Your +2 cloak unmelds from your body.
Your +0 helmet unmelds from your body.
Your +2 pair of gloves unmelds from your body.
Your +0 leather armour unmelds from your body.
The orc priest misses you.
You swing at nothing.
The orc priest completely misses you.
You swing at nothing.
You swing at nothing.
The orc priest barely misses you.
You swing at nothing.
The orc priest hits you with a whip.
* * * LOW HITPOINT WARNING * * *
You swing at nothing.
The orc priest calls down the wrath of Beogh upon you.
Beogh smites you!
You die...

...............
...............
.................
.................. ##
........o......... .#
#. #............ <# #.
#.........# .#
###.##.#.###.# [#
##....#....@..# .###
#........#..o##
>..###......###.#.#
....##.....(##..#...
...............####...
......#.......## ##...
..............# ## .#
........?.....#.... .
.#.................


You could see an orc priest.

Vanquished Creatures
  2 ice beasts
  A phantom (D:5)
  A hornet zombie (D:7)
  A black bear (D:6)
  2 ogres (D:7)
  A centaur (D:7)
  A water moccasin zombie (D:5)
  3 hounds
  3 orc priests
  A gnoll shaman (D:7)
  A jelly (D:6)
  3 orc wizards
  3 worker ants
  Robin (D:3)
  7 gnolls
  8 adders
  2 shadow imps
  3 oozes
  3 worms
  A dart slug (D:2)
  4 leopard geckos
  17 orcs
  A ball python (D:2)
  7 bats
  3 giant cockroaches
  16 hobgoblins
  5 jackals
  7 kobolds
  2 quokkas
  A ball python zombie (D:6)
  7 frilled lizards
  15 goblins
  A leopard gecko skeleton (D:4)
  A quokka skeleton (D:7)
  8 rats
  2 toadstools (D:1)
145 creatures vanquished.

Vanquished Creatures (others)
  2 toadstools (D:1)
2 creatures vanquished.

Grand Total: 147 creatures vanquished

Notes
Turn   | Place    | Note
-------+----------+-------------------------------------------
     0 | D:1      | Oravi the Kobold Hunter began the quest for the Orb.
     0 | D:1      | Reached XP level 1. HP: 12/12 MP: 1/1
   135 | D:1      | Reached skill level 5 in Crossbows
   150 | D:1      | Reached XP level 2. HP: 17/17 MP: 2/2
   498 | D:1      | Reached XP level 3. HP: 21/21 MP: 3/3
   928 | D:2      | Reached XP level 4. HP: 26/26 MP: 4/4
  1512 | D:3      | Reached XP level 5. HP: 30/30 MP: 5/5
  1513 | D:3      | HP: 1/30 [orc priest/divine providence (15)]
  2024 | D:3      | Reached skill level 1 in Short Blades
  2852 | D:3      | Found a faded altar of an unknown god.
  2950 | D:4      | Noticed Robin
  3008 | D:4      | Reached XP level 6. HP: 35/35 MP: 6/6
  3033 | D:3      | Killed Robin
  3592 | D:4      | Found Ycwoir's Antique Armour Boutique.
  3595 | D:4      | Bought a glowing cloak for 150 gold pieces
  4293 | D:4      | Reached XP level 7. HP: 39/40 MP: 7/7
  4323 | D:4      | Reached skill level 5 in Dodging
  4876 | D:5      | Entered Level 5 of the Dungeon
  4942 | D:5      | Noticed Edmund
  5166 | D:5      | Reached skill level 5 in Short Blades
  5367 | D:5      | Found a hide-covered altar of Uskayaw.
  5541 | D:5      | Found a staircase to the Ecumenical Temple.
  5551 | Temple   | Entered the Ecumenical Temple
  5577 | Temple   | Became a worshipper of Dithmenos the Shadowed
  5863 | D:6      | Found a sparkling altar of Nemelex Xobeh.
  5900 | D:6      | Reached XP level 8. HP: 41/44 MP: 8/8
  7492 | D:7      | HP: 3/66 [orc priest/divine providence (12)]
  7493 | D:7      | Reached XP level 9. HP: 4/48 MP: 9/9
  7543 | D:7      | Killed from afar by an orc priest

Vault maps used:
D:1:      ldierk_water_garden, minmay_misc_feat_rows
D:3:      first_ration, chequers_ecumenical_altar_simple, minmay_three_crescents
D:4:      serial_shops, kennysheep_mini, uniq_robin
D:5:      marbit_many_paths, temple_hall, uniq_edmund
D:6:      nemelex_xobeh_ov_fountains_minmay
D:7:      lemuel_crystal_altar, nicolae_overflow_crystal_walls,
          cheibriados_altar_1, hangedman_abyss_or_decor_stagger, uniq_joseph,
          uniq_pikel
Temple:   nicolae_temple_god_jail

Skill      XL: |  1  2  3  4  5  6  7  8 |
---------------+-------------------------+-----
Crossbows      | 5 6 7 8 |  8.3
Short Blades   | 2 4 6 7 |  7.9
Dodging        | 3 4 6 8 |  8.1
Fighting       | |  2.1
Stealth        | |  1.3

Action                   |  1- 3 |  4- 6 |  7- 9 || total
-------------------------+-------+-------+-------++-------
Melee: Short sword       |    11 |   200 |   293 ||   504
 Fire: Hand crossbow     |    63 |   114 |    97 ||   274
  Use: Potion            |       |     1 |    15 ||    16
       Scroll            |       |       |     8 ||     8
  Eat: Chunk             |     8 |     9 |    10 ||    27
Armor: Leather armour    |     3 |    45 |    37 ||    85
       Skin              |       |       |    47 ||    47
Dodge: Dodged            |     7 |   164 |   215 ||   386

Table legend:
 A = Spawn XP
 B = Non-spawn XP
 C = Spawn XP percentage of total XP
 D = Spawn monster count
 E = Non-spawn monster count
 F = Spawn count percentage of total count
 G = Total turns spent on level
                    A         B        C        D         E        F      G
               +---------+---------+-------+---------+---------+-------+---------
         Total |       0 |    2083 |   0.0 |       0 |     143 |   0.0 |  7543
               +---------+---------+-------+---------+---------+-------+---------
           D:1 |       0 |      34 |   0.0 |       0 |      21 |   0.0 |   722
           D:2 |       0 |      98 |   0.0 |       0 |      31 |   0.0 |  1203
           D:3 |       0 |     185 |   0.0 |       0 |      36 |   0.0 |  1491
           D:4 |       0 |     304 |   0.0 |       0 |      21 |   0.0 |  1563
           D:5 |       0 |     371 |   0.0 |       0 |       8 |   0.0 |   704
           D:6 |       0 |     337 |   0.0 |       0 |      13 |   0.0 |  1063
           D:7 |       0 |     754 |   0.0 |       0 |      13 |   0.0 |   714
               +---------+---------+-------+---------+---------+-------+---------
